 Dungeon Crawl Stone Soup version 0.29.1-2-gbd0b4ee654 (webtiles) character file.

Game seed: 13835494085472766454

2909 croobank the Conjurer (level 9, -8/67 HPs)
             Began as a Demonspawn Conjurer on Oct 30, 2022.
             Was an Initiate of Gozag.
             Mangled by an orc warrior
             ... wielding a +0 trident
              (19 damage)
             ... on level 8 of the Dungeon.
             The game lasted 00:38:55 (9981 turns).

croobank the Conjurer (Demonspawn Conjurer)         Turns: 9981, Time: 00:38:55

Health: -8/67      AC:  5    Str:  8    XL:     9   Next: 49%
Magic:  16/16      EV: 13    Int: 24    God:    Gozag
Gold:   1029       SH:  4    Dex: 11    Spells: 9/18 levels left

rFire   . . .      SeeInvis +   x - +7 trident "Zasiuwynk" {vorpal, rC+}
rCold   + . .      Faith    .   (no shield)
rNeg    . . .      Spirit   .   i - +1 robe
rPois   .          Reflect  .   (helmet unavailable)
rElec   .          Harm     .   t - +0 cloak
rCorr   .          Rampage  .   I - +0 pair of gloves
Will    .....                   (no boots)
Stlth   ++........              (no amulet)
HPRegen 0.21/turn               (no ring)
MPRegen 0.30/turn               (no ring)

@: gold aura
A: antennae 3, large bone plates 1, spiny 1, magic regeneration
a: Renounce Religion, Potion Petition, Call Merchant, Bribe Branch


You were on level 8 of the Dungeon.
You worshipped Gozag.
Gozag was most pleased with you.
You visited 1 branch of the dungeon, and saw 8 of its levels.
You also visited: Ossuary.

You collected 1148 gold pieces.
You spent 67 gold pieces at shops.
You paid 52 gold pieces to Gozag.

Inventory:

Hand Weapons
 a - a +2 short sword of flaming
 b - a +0 sling
 d - a +1 dagger of draining
 n - a +0 dagger
 q - a +0 dagger of speed
 w - a +2 great mace of venom
 x - the +7 trident "Zasiuwynk" (weapon) {vorpal, rC+}
   (You found it on level 5 of the Dungeon)

   It inflicts extra damage upon your enemies.
   rC:        It protects you from cold.
 y - a +5 halberd of freezing
 G - the +4 falchion "Haibiezi" {antimagic, Fragile Dex+6}
   (You found it on level 7 of the Dungeon)

   It reduces the magical energy of the wielder, and disrupts the spells and
   magical abilities of those it strikes.
   Natural abilities and divine invocations are not affected.
   Dex:       It affects your dexterity (+6).
   Fragile:   It will be destroyed if unequipped.
 H - a +1 vorpal flail
 J - a +2 flail
Missiles
 l - 30 poisoned darts
Armour
 i - a +1 robe (worn)
 j - a scarf of harm
 t - a +0 cloak (worn)
 I - a +0 pair of gloves (worn)
Magical Staves
 k - a staff of poison
Wands
 h - a wand of roots (10)
 A - a wand of paralysis (8)
 F - a wand of flame (10)
Scrolls
 f - a scroll of magic mapping
 r - 2 scrolls of amnesia
 z - a scroll of fear
 D - 2 scrolls of teleportation
 K - a scroll of fog
 L - a scroll of vulnerability {unknown}
 M - 2 scrolls of immolation {unknown}
Potions
 c - a potion of haste
 e - 5 potions of might
 g - a potion of resistance
 m - 3 potions of brilliance
 o - 2 potions of cancellation
 p - a potion of mutation
 s - a potion of curing
 u - 2 potions of heal wounds
 v - a potion of lignification {unknown}
 B - 3 potions of berserk rage {unknown}
 C - 2 potions of invisibility {unknown}
 E - 2 potions of magic


   Skills:
 + Level 4.8 Fighting
 + Level 3.1 Polearms
 + Level 4.9 Dodging
 - Level 3.1 Stealth
 + Level 5.0 Spellcasting
 + Level 6.5 Conjurations
 + Level 2.7 Transmutations
 + Level 4.4 Fire Magic
 + Level 2.7 Air Magic


You had 9 spell levels left.
You knew the following spells:

 Your Spells              Type           Power      Damage    Failure   Level
a - Magic Dart            Conj           100%       1d8       1%          1
b - Foxfire               Conj/Fire      100%       2x1d9     1%          1
c - Flame Wave            Conj/Fire      32%        2d9       10%         4
d - Inner Flame           Hex/Fire       16%        N/A       11%         3

Your spell library contained the following spells:

 Spells                   Type           Power      Damage    Failure   Level
 Searing Ray              Conj           74%        2d7       1%          2
 Conjure Flame            Conj/Fire      32%        6-21      2%          3
 Dazzling Flash           Conj/Hex       42%        N/A       7%          3
 Apportation              Tloc           12%        N/A       9%          1
 Necrotise                Necr           24%        1d5       9%          1
 Summon Small Mammal      Summ           24%        N/A       9%          1
 Blink                    Tloc           12%        N/A       13%         2
 Fulminant Prism          Conj/Hex       10%        3d9       22%         4
 Hailstorm                Conj/Ice       21%        3d6       22%         4
 Iskenderun's Mystic Bla  Conj/Tloc      21%        2d6       22%         4
 Ozocubu's Armour         Ice            6%         N/A       26%         3
 Portal Projectile        Hex/Tloc       12%        N/A       26%         3
 Tukima's Dance           Hex            6%         N/A       26%         3
 Ice Form                 Ice/Tmut       12%        N/A       45%         4
 Blade Hands              Tmut           9%         N/A       61%         5
 Olgreb's Toxic Radiance  Pois           6%         N/A       65%         4
 Manifold Assault         Tloc           6%         N/A       94%         5
 Ozocubu's Refrigeration  Ice            3%         4d8       100%        7
 Storm Form               Tmut/Air       9%         N/A       100%        7
 Ignition                 Fire           13%        3d6       100%        8
 Simulacrum               Ice/Necr       Unusable   N/A       N/A         6

Dungeon Overview and Level Annotations

Branches:
Dungeon (8/15)             Temple (0/1) D:6         Ossuary (visited)
   Lair: D:8-11

Altars:
Cheibriados
Dithmenos
Fedhas
Gozag
Hepliaklqana
Qazlal
Ru
Wu Jian

Shops:
D:2 (   D:5 *

Annotations:
D:5 1 runed translucent door, Crazy Yiuf


Innate Abilities, Weirdness & Mutations

You have a pair of large antennae on your head. (SInv)
You are partially covered in large bone plates. (SH +4)
You are partially covered in sharp spines.
You regenerate magic rapidly.


Message History

Aim: an orc warrior, wielding a +0 trident and wearing a +0 chain mail (lightly wounded, about 37% to evade the +7 trident "Zasiuwynk")
You reach to attack!
You barely miss the orc warrior.
The orc warrior is lightly wounded.
The orc priest shouts!
The orc warrior hits you from afar with a +0 trident!!
Reach: x) +7 trident "Zasiuwynk" {vorpal, rC+}
Press: ? - help, Dir - move target, f/p - orc warrior
Aim: an orc warrior, wielding a +0 trident and wearing a +0 chain mail (lightly wounded, about 37% to evade the +7 trident "Zasiuwynk")
You reach to attack!
You hit the orc warrior but do no damage.
The orc warrior is lightly wounded.
The orc priest is no longer distracted by gold.
The orc priest calls upon Beogh to heal the orc warrior.
The orc warrior's wounds heal themselves!
The orc warrior hits you from afar with a +0 trident!
Reach: x) +7 trident "Zasiuwynk" {vorpal, rC+}
Press: ? - help, Dir - move target, f/p - orc warrior
Aim: an orc warrior, wielding a +0 trident and wearing a +0 chain mail (about 37% to evade the +7 trident "Zasiuwynk")
You reach to attack!
You barely miss the orc warrior.
The orc warrior hits you from afar with a +0 trident.
Reach: x) +7 trident "Zasiuwynk" {vorpal, rC+}
Press: ? - help, Dir - move target, f/p - orc warrior
Aim: an orc warrior, wielding a +0 trident and wearing a +0 chain mail (about 37% to evade the +7 trident "Zasiuwynk")
You reach to attack!
You puncture the orc warrior!
The orc warrior is moderately wounded.
The orc warrior hits you from afar with a +0 trident!
Reach: x) +7 trident "Zasiuwynk" {vorpal, rC+}
Press: ? - help, Dir - move target, f/p - orc warrior
Aim: an orc warrior, wielding a +0 trident and wearing a +0 chain mail (moderately wounded, about 37% to evade the +7 trident "Zasiuwynk")
You reach to attack!
You hit the orc warrior.
The orc warrior is heavily wounded.
The orc warrior hits you from afar with a +0 trident!
* * * LOW HITPOINT WARNING * * *
Casting: Foxfire (safe; 1% risk of failure)
Confirm with . or Enter, or press ? or * to list all spells.
You don't know that spell.
Unknown command.
The orc warrior hits you from afar with a +0 trident!!
You die...
Your body crumbles into a pile of gold.

.. ..# #. #.# #.
#.# #.##.# #+#
..#o# #.# # #.#o#
#.# ##.##.#$###
##.## #.....@...#
##...## #.###.###.#
#.....# #.#
#.######....##
#.###............##
#.)...#######.#....
#####.# #..#.## #.#
#.#.## #.# #.###
..#######.####


You could see an orc warrior and an orc priest.

Vanquished Creatures
  Pikel (D:7)
  Sigmund (D:6)
  A wyvern (D:7)
  A steam dragon (D:7)
  2 water moccasins (D:7)
  2 ice beasts (D:5)
  3 centaurs
  A phantom (D:5)
  A kobold brigand (D:7)
  A lemure (D:7)
  A gnoll sergeant (D:7)
  2 necrophages
  3 scorpions
  4 wights (D:6)
  An electric eel (D:7)
  A centaur zombie (Ossuary)
  2 hounds (D:6)
  2 jellies
  An orc priest (D:8)
  A gnoll bouda (D:7)
  2 iguanas
  Natasha (thrice) (D:2)
  2 mummies (Ossuary)
  8 gnolls
  4 adders
  2 shadow imps (D:5)
  A white imp (D:7)
  2 ufetubi
  2 adder zombies (Ossuary)
  2 worms
  4 dart slugs
  7 orcs
  6 bats
  5 endoplasms
  4 giant cockroaches
  5 goblins
  8 hobgoblins
  14 jackals
  6 kobolds
  6 quokkas
  6 ball pythons
  5 frilled lizards
  5 goblin zombies
  14 hobgoblin zombies (Ossuary)
  3 jackal zombies (Ossuary)
  8 kobold zombies (Ossuary)
  5 orc zombies (Ossuary)
  A quokka zombie (D:8)
  4 rats
176 creatures vanquished.

Vanquished Creatures (others)
  501 foxfires
501 creatures vanquished.

Grand Total: 677 creatures vanquished

Notes
Turn   | Place    | Note
-------+----------+-------------------------------------------
     0 | D:1      | croobank the Demonspawn Conjurer began the quest for the
                  | Orb.
     0 | D:1      | Reached XP level 1. HP: 13/13 MP: 3/3
   587 | D:1      | Gained mutation: You have a pair of small antennae on your
                  | head. [demonic ancestry]
   587 | D:1      | Reached XP level 2. HP: 8/19 MP: 0/5
   779 | D:1      | Learned a level 1 spell: Foxfire
  1202 | D:1      | Found a faded altar of an unknown god.
  1402 | D:2      | Noticed Natasha
  1419 | D:2      | Killed Natasha
  1420 | D:2      | Reached XP level 3. HP: 7/25 MP: 4/6
  1547 | D:2      | Noticed Natasha
  1556 | D:2      | Killed Natasha
  1557 | D:2      | Reached skill level 1 in Fire Magic
  1557 | D:2      | Gained mutation: You regenerate magic rapidly. [demonic
                  | ancestry]
  1557 | D:2      | Reached XP level 4. HP: 23/31 MP: 2/7
  1581 | D:2      | Noticed Natasha
  1589 | D:2      | Killed Natasha
  1590 | D:2      | Reached skill level 1 in Fighting
  1997 | D:2      | Learned a level 4 spell: Flame Wave
  2168 | D:2      | Found Putueku's Antique Weapon Shoppe.
  2310 | D:3      | Gained mutation: You have a pair of antennae on your head.
                  | [demonic ancestry]
  2310 | D:3      | Reached XP level 5. HP: 37/37 MP: 6/9
  2809 | D:3      | Found a snail-covered altar of Cheibriados.
  3337 | D:4      | Found an opulent altar of Gozag.
  3382 | D:4      | Became a worshipper of Gozag Ym Sagoz the Greedy
  3445 | D:4      | Found a stormy altar of Qazlal.
  3505 | D:4      | Gained mutation: You are partially covered in sharp spines.
                  | [demonic ancestry]
  3505 | D:4      | Reached XP level 6. HP: 43/43 MP: 6/10
  4130 | D:4      | Learned a level 3 spell: Inner Flame
  4149 | D:5      | Entered Level 5 of the Dungeon
  4545 | D:5      | Noticed an ice beast
  4567 | D:5      | Killed an ice beast
  4568 | D:5      | Reached skill level 5 in Conjurations
  4568 | D:5      | Gained mutation: You have a pair of large antennae on your
                  | head. (SInv) [demonic ancestry]
  4568 | D:5      | Reached XP level 7. HP: 28/51 MP: 9/12
  5618 | D:5      | Found Ceontule's Neck Hole.
  5625 | D:5      | Bought a +0 cloak for 67 gold pieces
  5642 | D:5      | Identified the +7 trident "Zasiuwynk" {vorpal, rC+}
  5689 | D:5      | Found a runed translucent door.
  5690 | D:5      | Noticed Crazy Yiuf
  5802 | D:6      | Noticed Sigmund
  5829 | D:6      | Killed Sigmund
  5947 | D:6      | Reached skill level 1 in Polearms
  5947 | D:6      | Gained mutation: You are partially covered in large bone
                  | plates. (SH +4) [demonic ancestry]
  5947 | D:6      | Reached XP level 8. HP: 57/58 MP: 11/14
  6002 | D:6      | Found a staircase to the Ecumenical Temple.
  6840 | D:6      | Reached skill level 1 in Transmutations
  6840 | D:6      | Reached skill level 1 in Air Magic
  7037 | D:6      | Found an ornate altar of the Wu Jian Council.
  7038 | D:6      | Found a sacrificial altar of Ru.
  7038 | D:6      | Found a shadowy altar of Dithmenos.
  7507 | D:7      | Reached skill level 6 in Conjurations
  7857 | D:7      | Found a blossoming altar of Fedhas.
  7895 | D:7      | Reached XP level 9. HP: 66/66 MP: 11/15
  7926 | D:7      | Identified the +4 falchion "Haibiezi" {antimagic, Fragile
                  | Dex+6}
  8082 | D:7      | Noticed Pikel
  8105 | D:7      | HP: 2/66 [Pikel/+1 whip of electrocution (14)]
  8106 | D:7      | Killed Pikel
  8960 | D:7      | Found a hazy altar of Hepliaklqana.
  8978 | D:7      | Found a faded altar of an unknown god.
  9075 | D:7      | Reached skill level 5 in Spellcasting
  9242 | D:8      | Found a sand-covered staircase.
  9265 | Ossuary  | Entered an ossuary
  9957 | D:8      | Identified the +8 scimitar of Doyjicek {vorpal, rPois Str+3
                  | Dex+3}
  9981 | D:8      | Mangled by an orc warrior

Illustrated notes

Levels and vault maps discovered:
D:1:      doesnt_arrival_eight_statues, layout_basic,
          shapermc_ecumenical_altar_mp_highgroup
D:2:      layout_rooms, serial_shops, nicolae_shop_behind_doors, minmay_puff,
          uniq_natasha
D:3:      layout_rooms, mainiacjoe_overflow_six_doors_small, chei_slow_surprise,
          chequers_garden
D:4:      layout_loops_ring, lemuel_tele_altar, kennysheep_little_box
D:5:      nicolae_cairo_tiling_very_big, layout_loops_corners,
          grunt_ministairs_14, nicolae_shop_sticking_my_neck_out,
          uniq_crazy_yiuf_cottage
D:6:      layout_cave_pods, chequers_temple_overflow_statue_of_worship,
          minmay_temple_entry_nine_rooms, uniq_sigmund
D:7:      layout_layer_cave, fedhas_altar_1, kennysheep_mini,
          beargit_hepliaklqana_dungeon_heroes, minivault_14, st_stairs_11,
          uniq_pikel
D:8:      layout_loops_corners, yredelemnul_altar_generic, enter_ossuary_4

Skill      XL: |  1  2  3  4  5  6  7  8  9 |
---------------+----------------------------+-----
Stealth        | 2 3 |  3.1
Dodging        | 2 3 4 |  4.9
Fire Magic     | 1 2 3 4 |  4.4
Fighting       | 1 2 3 4 |  4.8
Spellcasting   | 3 4 5 |  5.0
Conjurations   | 5 6 |  6.5
Polearms       | 1 2 3 |  3.1
Transmutations | 2 |  2.7
Air Magic      | 2 |  2.7

Action                   |  1- 3 |  4- 6 |  7- 9 || total
-------------------------+-------+-------+-------++-------
Melee: Unarmed           |    25 |       |       ||    25
       Short sword       |       |    32 |     6 ||    38
       Trident           |       |       |    64 ||    64
       Punch             |       |       |     1 ||     1
 Cast: Magic Dart        |    26 |    23 |    33 ||    82
       Foxfire           |    23 |   103 |   171 ||   297
       Flame Wave        |       |       |     1 ||     1
       Inner Flame       |       |       |     3 ||     3
  Use: Potion            |     1 |     1 |       ||     2
       Scroll            |       |    10 |     6 ||    16
 Stab: Sleeping          |       |     1 |       ||     1
Armor: Robe              |     3 |     7 |    10 ||    20
Dodge: Dodged            |    31 |    23 |    42 ||    96
Block: Other             |       |       |    11 ||    11
